 Dungeon Crawl Stone Soup version 0.18-a0-1-gfac8111 (webtiles) character file.

425 radek the Conjurer (level 6, -1/32 HPs)
             Began as a Deep Elf Conjurer on Oct 30, 2015.
             Shot with an arrow of frost by a centaur (7 damage)
             ... on level 5 of the Dungeon.
             The game lasted 00:12:35 (4832 turns).

radek the Conjurer (Deep Elf Conjurer)              Turns: 4832, Time: 00:12:35

Health: -1/32      AC:  2    Str:  6      XL:     6   Next: 64%
Magic:  2/12       EV: 13    Int: 19 (21) God:
Gold:   243        SH:  0    Dex: 15      Spells: 2 memorised, 5 levels left

rFire  . . .     SeeInvis .     d - +2 dagger (venom)
rCold  . . .     Clarity  .     a - +0 robe
rNeg   . . .     SustAt   .     (no shield)
rPois  .         Gourm    .     (no helmet)
rElec  .         Spirit   .     (no cloak)
rCorr  .         Warding  .     (no gloves)
rMut   .         Stasis   .     (no boots)
MR     .....                    (no amulet)
Stlth  ++........               (no ring)
                                (no ring)

@: not resistant to hostile enchantments, unstealthy
A: no striking features
a: no special abilities


You were on level 5 of the Dungeon.
You were very hungry.

You visited 1 branch of the dungeon, and saw 5 of its levels.

You collected 243 gold pieces.

Inventory:

Hand Weapons
 d - a +2 dagger of venom (weapon)
Armour
 a - a +0 robe (worn)
 y - the cursed +1 ring mail of Sunlight {Int+4 Slay+2, unknown}
   (You found it on level 5 of the Dungeon)

   It affects your intelligence (+4).
   It affects your accuracy and damage with ranged weapons and melee attacks
   (+2).
   It has a curse placed upon it.
Jewellery
 i - an uncursed amulet of clarity {unknown}
Scrolls
 h - 3 scrolls of identify {unknown}
 k - a scroll of remove curse {unknown}
 l - a scroll of magic mapping {unknown}
 n - a scroll of amnesia {unknown}
 o - a scroll of fog {unknown}
 r - a scroll of enchant weapon {unknown}
 t - a scroll of fear {unknown}
 w - a scroll of immolation {unknown}
 x - a scroll of teleportation {unknown}
Potions
 e - a potion of curing {unknown}
 f - a potion of cancellation
 g - 2 potions of invisibility {unknown}
 j - 2 potions of might {unknown}
 m - a potion of heal wounds {unknown}
 p - a potion of degeneration
 v - a potion of berserk rage {unknown}
Books
 b - a book of Conjurations

   Spells                             Type                      Level
   a - Magic Dart                     Conjuration                  1
   b - Searing Ray                    Conjuration                  2
   c - Dazzling Spray                 Conjuration/Hexes            3
   d - Fulminant Prism                Conjuration/Hexes            4
   e - Iskenderun's Mystic Blast      Conjuration                  4
   f - Iskenderun's Battlesphere      Conjuration/Charms           5
 s - a book of Party Tricks

   Spells                             Type                      Level
   a - Summon Butterflies             Summoning                    1
   b - Apportation                    Translocation                1
   c - Tukima's Dance                 Hexes                        3
   d - Alistair's Intoxication        Transmutation/Poison         4
   e - Invisibility                   Hexes                        6
Comestibles
 c - 3 bread rations
 q - a beef jerky
 u - 2 meat rations


   Skills:
 - Level 2.4 Dodging
 - Level 2.4 Stealth
 - Level 3.0 Spellcasting
 - Level 7.0 Conjurations
 + Level 6.8 Charms


You had 5 spell levels left.
You knew the following spells:

 Your Spells              Type           Power        Failure   Level  Hunger
a - Magic Dart            Conj           ####         1%          1    None
b - Iskenderun's Battles  Conj/Chrm      ####....     28%         5    ######.


Dungeon Overview and Level Annotations

Branches:
Dungeon (5/15)
 Temple: D:4-7

Altars:


Message History

The arrow of frost hits your battlesphere!
Your battlesphere is destroyed!
Casting: Iskenderun's Battlesphere
Confirm with . or Enter, or press ? or * to list all spells.
You conjure a globe of magical energy.
You are feeling very hungry.
The centaur shoots an arrow of frost.
The arrow of frost hits your battlesphere!
The arrow of frost freezes your battlesphere.
Your battlesphere is destroyed!
Read which item? (? for menu, Esc to quit)
Okay, then.
It was a potion of cancellation.
You feel magically purged.
Drink which item? (? for menu, Esc to quit)
It was a potion of degeneration.
There was something very wrong with that liquid.
You feel dopey.
The centaur shoots an arrow of frost.
The arrow of frost misses you.
The centaur shoots an arrow of frost.
The arrow of frost hits you!
You die...

### #.. #.# #.# ####
#.# # ...# #.# .#
##.######.#### #.##
.............####...#
##)..####..#..c.@(#
#...# #..#.####...#
#...####..#.# #.##
##.........#.# .#
.....####....# #
##.### #..... ##.#
#..#.# ....# .#.#
##..#


You could see a centaur.

Vanquished Creatures
  2 scorpions
  A hound (D:4)
  3 orc priests
  An orc wizard (D:4)
  A worker ant (D:5)
  4 gnolls (D:2)
  3 adders
  2 oozes
  A worm (D:3)
  11 orcs
  2 ball pythons
  2 giant cockroaches
  11 goblins
  7 hobgoblins
  6 jackals
  10 kobolds
  10 bats
  8 rats
85 creatures vanquished.

Notes
Turn   | Place    | Note
--------------------------------------------------------------
     0 | D:1      | radek the Deep Elf Conjurer began the quest for the Orb.
     0 | D:1      | Reached XP level 1. HP: 10/10 MP: 6/6
   163 | D:1      | Reached XP level 2. HP: 15/15 MP: 6/8
   211 | D:1      | Reached skill level 5 in Conjurations
   964 | D:2      | Reached XP level 3. HP: 19/19 MP: 6/9
  1294 | D:2      | Found a faded altar to an unknown god.
  1349 | D:2      | Reached skill level 6 in Conjurations
  1374 | D:2      | Reached XP level 4. HP: 8/24 MP: 1/10
  2455 | D:3      | HP: 1/24 [orc priest/nerve-wracking pain (7)]
  2456 | D:3      | Reached skill level 7 in Conjurations
  2456 | D:3      | Reached XP level 5. HP: 1/28 MP: 6/11
  2758 | D:3      | Learned a level 5 spell: Iskenderun's Battlesphere
  3691 | D:4      | Reached XP level 6. HP: 32/32 MP: 6/12
  3741 | D:4      | Reached skill level 5 in Charms
  4584 | D:5      | Entered Level 5 of the Dungeon
  4641 | D:5      | Got a distressingly furry ring mail
  4697 | D:5      | HP: 1/32 [poisoned by a worker ant]
  4832 | D:5      | Shot with an arrow of frost by a centaur

Vault maps used:
D:1:      dpeg_arrival_morbid_curiosity
D:2:      first_bread, ecumenical_altar_2, serial_bayou_ford_a,
          corexii_item_surrounded_by_moat
D:4:      lemuel_upstairs_altar
D:5:      minmay_temple_entry_junction, serial_shops, nicolae_shop_behind_doors

Action                   |  1- 3 |  4- 6 || total
-------------------------+-------+-------++-------
Melee: Dagger            |     5 |     4 ||     9
 Cast: Magic Dart        |    84 |   130 ||   214
       Iskenderun's Batt |       |     2 ||     2
  Use: Potion            |       |     2 ||     2
  Eat: Chunk             |     1 |     6 ||     7
       Bread ration      |       |     1 ||     1
